 Dungeon Sprint DCSS version 0.23.2-30-g0e89c35 (webtiles) character file.

Game seed: 15000527546360342565

2818 Fang the Fighter (level 9, -12/65 HPs)
             Began as a Gargoyle Berserker on June 12, 2019.
             Was a High Priest of Trog.
             Mangled by an earth elemental (18 damage)
             ... summoned by a deep elf mage
             ... in the Dungeon (Sprint V: "Ziggurat Sprint").
             The game lasted 00:01:19 (490 turns).

Fang the Fighter (Gargoyle Berserker)                Turns: 490, Time: 00:01:20

Health: -12/65     AC: 30    Str: 34    XL:     9   Next: 72%
Magic:  9/9        EV: 10    Int:  8    God:    Trog [*****.]
Gold:   0          SH:  0    Dex:  9    Spells: 8/8 levels left

rFire    + . .     SeeInvis .   k - +5 executioner's axe
rCold    + + +     Gourm    .   (shield currently unavailable)
rNeg     + . .     Faith    .   j - +5 gold dragon scales
rPois    ∞         Spirit   .   (no helmet)
rElec    +         Reflect  .   (no cloak)
rCorr    .         Harm     .   (no gloves)
MR       ++...     NoTele   +   (no boots)
Stlth    ..........             a - amulet "Ezaribb" {Acrobat rC++ Str-2}
HPRegen  1.20/turn              D - +6 ring of strength
MPRegen  0.11/turn              E - +6 ring of strength

@: berserk cooldown, regenerating, slowed, very slow
A: negative energy resistance 1, electricity resistance, unbreathing,
petrification resistance, rot immunity, AC +6
a: Berserk, Trog's Hand, Brothers in Arms, Renounce Religion


You were in the Dungeon.
You worshipped Trog.
Trog was extremely pleased with you.
You were near starving.

You visited 1 branch

Inventory:

Hand Weapons
 k - a +5 executioner's axe (weapon)
Armour
 j - +5 gold dragon scales (worn)
Jewellery
 a - the amulet "Ezaribb" (around neck) {Acrobat rC++ Str-2}
   (You found it in the Dungeon)

   [amulet of the acrobat]

   It helps you evade while moving and waiting.
   It affects your strength (-2).
   It greatly protects you from cold.
 b - a +2 ring of evasion
 q - the ring of Utuir Yghatt {*Contam rElec rF++ Str+2 Stlth-}
   (You found it in the Dungeon)

   [ring of attention]

   It affects your strength (+2).
   It greatly protects you from fire.
   It insulates you from electricity.
   It causes magical contamination when unequipped.
   It makes you less stealthy.
 D - a +6 ring of strength (left hand)
 E - a +6 ring of strength (right hand)
Wands
 w - a wand of disintegration (7)
 x - a wand of iceblast (7)
 y - a wand of acid (7)
Scrolls
 i - 4 scrolls of blinking
 l - 7 scrolls of fog
 m - a scroll of holy word
 n - 5 scrolls of identify
 o - 5 scrolls of remove curse
 p - 2 scrolls of fear
Potions
 d - 10 potions of curing
 e - 9 potions of heal wounds
 f - 6 potions of haste
 h - 3 potions of berserk rage
 r - 2 potions of invisibility
 s - 4 potions of resistance
 t - a potion of experience
Comestibles
 c - 7 rations
 g - a chunk of flesh


   Skills:
 + Level 12.3 Fighting
 + Level 10.5 Axes
 + Level 12.1 Armour
 + Level 9.5 Dodging


You had 8 spell levels left.
You didn't know any spells.
Your spell library was empty.

Dungeon Overview and Level Annotations

Branches:
Dungeon (1/1)

Altars:
Ashenzari
Cheibriados
Dithmenos
Elyvilon
Fedhas
Gozag
Hepliaklqana
Kikubaaqudgha
Makhleb
Nemelex Xobeh
Okawaru
Qazlal
Ru
Sif Muna
Trog
Uskayaw
Vehumet
Wu Jian
Xom
Yredelemnul
Zin
The Shining One
Beogh
Jiyva
Lugonu

Annotations:
D 1 transporter


Innate Abilities, Weirdness & Mutations

You are resistant to torment.
Your stone body is resilient. (AC +6)
You are immune to poison.
You resist negative energy. (rN+)
You are resistant to electric shocks. (rElec)
You can survive without breathing.
You are immune to petrification.
You are immune to rotting.


Message History

The deep elf mage mumbles some strange words.
The earth elemental hits you. The earth elemental hits you!
* * * LOW HITPOINT WARNING * * *
The deep elf mage barely misses you.
You miss the deep elf mage. You slice the earth elemental!!
You hit the earth elemental but do no damage.
You slash the earth elemental! You slash the deep elf mage!
The deep elf mage hits you but does no damage.
The deep elf archer blinks!
The deep elf mage mumbles some strange words.
The deep elf mage blinks!
The deep elf mage hits you but does no damage.
The earth elemental barely misses you. The earth elemental hits you!
* * * LOW HITPOINT WARNING * * *
The earth elemental hits you but does no damage.
The deep elf mage closely misses you.
Your troll goes berserk!
You are near starving!
The deep elf mage closely misses you. The earth elemental hits you!!
You die...

▓.▓..†.▓.▓.▓.)..▓.▓
▓...©....▓...©....▓
▓▓▓▓▓▓▓▓▓▓▓▓▓▓▓▓▓▓▓
▓..8©8..▓ ▓..:")..▓
▓..}:)..▓ ▓.......▓
▓(eE....▓ ▓.@E.e..▓
▓.eE....▓ ▓.▓T..▓.▓
▓...©...▓ ▓▓▓▓▓▓▓▓▓


You could see a deep elf archer, 3 earth elementals, 2 deep elf magi and a
friendly troll (berserk).

Vanquished Creatures
  A deep elf knight (D)
  2 deep elf magi (D)
  A human (shapeshifter) (D)
  3 spriggans (D)
  A hog (shapeshifter) (D)
  3 water moccasins (D)
  A necrophage (D)
  A phantom (D)
  A wolf (D)
  A bullfrog (shapeshifter) (D)
  2 iron imps (D)
  An adder (D)
  A shadow imp (D)
  2 ufetubi (D)
21 creatures vanquished.

Notes
Turn   | Place    | Note
-------+----------+-------------------------------------------
     0 | D        | Found the +6 Majin-Bo {vamp, Archmagi MP+6 Int+6}
     0 | D        | Found the +7 great mace "Firestarter" {inner flame, rF++}
     0 | D        | Fang the Gargoyle Berserker began the quest for the Orb.
     0 | D        | Reached XP level 1. HP: 14/14 MP: 1/1
     3 | D        | Found a blossoming altar of Fedhas.
     4 | D        | Found a viscous altar of Jiyva.
     4 | D        | Found a hazy altar of Hepliaklqana.
     4 | D        | Found a transporter.
     4 | D        | Found an opulent altar of Gozag.
     4 | D        | Found an ancient bone altar of Kikubaaqudgha.
     4 | D        | Found a corrupted altar of Lugonu.
     8 | D        | Found a burning altar of Makhleb.
     9 | D        | Found a sacrificial altar of Ru.
     9 | D        | Found a stormy altar of Qazlal.
     9 | D        | Found a deep blue altar of Sif Muna.
     9 | D        | Found an iron altar of Okawaru.
     9 | D        | Found a bloodstained altar of Trog.
     9 | D        | Found a sparkling altar of Nemelex Xobeh.
    51 | D        | Entered arena 2.
    51 | D        | Noticed a necrophage
    51 | D        | Noticed a phantom
    51 | D        | Found a transporter.
    54 | D        | Killed a necrophage
    54 | D        | Reached skill level 5 in Fighting
    54 | D        | Reached skill level 5 in Armour
    54 | D        | Reached XP level 2. HP: 22/22 MP: 2/2
    54 | D        | Reached XP level 3. HP: 27/27 MP: 3/3
    54 | D        | Reached XP level 4. HP: 32/32 MP: 4/4
    56 | D        | Killed a phantom
    56 | D        | Reached skill level 5 in Axes
    56 | D        | Reached XP level 5. HP: 37/37 MP: 5/5
   107 | D        | Got the amulet "Ezaribb" {Acrobat rC++ Str-2}
   211 | D        | Entered arena 3.
   211 | D        | Noticed a hog
   211 | D        | Noticed a human
   211 | D        | Found a transporter.
   216 | D        | Killed a hog
   216 | D        | Reached ** piety under Trog
   216 | D        | Reached skill level 5 in Dodging
   216 | D        | Reached XP level 6. HP: 44/44 MP: 6/6
   217 | D        | Killed a human
   217 | D        | Reached XP level 7. HP: 50/50 MP: 7/7
   299 | D        | Entered arena 4.
   299 | D        | Noticed a spriggan
   299 | D        | Noticed a spriggan
   299 | D        | Noticed a spriggan
   299 | D        | Found a transporter.
   304 | D        | Killed a spriggan
   305 | D        | Killed a spriggan
   305 | D        | Reached *** piety under Trog
   309 | D        | Killed a spriggan
   309 | D        | Reached skill level 10 in Fighting
   309 | D        | Reached XP level 8. HP: 57/57 MP: 8/8
   339 | D        | Got the ring of Utuir Yghatt {*Contam rElec rF++ Str+2
                  | Stlth-}
   345 | D        | Entered arena 5.
   345 | D        | Found a transporter.
   350 | D        | Reached **** piety under Trog
   350 | D        | Reached skill level 10 in Armour
   459 | D        | Entered arena 6.
   459 | D        | Found a transporter.
   464 | D        | Reached ***** piety under Trog
   464 | D        | Received a gift from Trog
   467 | D        | Received a gift from Trog
   477 | D        | Entered arena 7.
   477 | D        | Noticed a deep elf mage
   477 | D        | Noticed a deep elf mage
   477 | D        | Noticed a deep elf mage
   477 | D        | Noticed a deep elf knight
   477 | D        | Noticed a deep elf mage
   477 | D        | Noticed a deep elf archer
   478 | D        | Found a transporter.
   482 | D        | Killed a deep elf mage
   482 | D        | Reached XP level 9. HP: 64/64 MP: 9/9
   484 | D        | Killed a deep elf knight
   484 | D        | Reached skill level 10 in Axes
   485 | D        | Killed a deep elf mage
   487 | D        | HP: 3/65 [earth elemental[a deep elf mage] (2)]
   490 | D        | Mangled by an earth elemental

Skill      XL: |  1  2  3  4  5  6  7  8  9 |
---------------+----------------------------+-----
Fighting       | 5 6 7 8 10 11 12 | 12.3
Axes           | 4 5 6 7 8 9 10 | 10.5
Armour         | 5 6 7 8 9 11 12 | 12.1
Dodging        | 3 4 5 6 7 8 9 |  9.5

Action                   |  1- 3 |  4- 6 |  7- 9 || total
-------------------------+-------+-------+-------++-------
Melee: Executioner's axe |     2 |     6 |    38 ||    46
Invok: Berserk           |     1 |     1 |     2 ||     4
       Trog's Hand       |       |       |     1 ||     1
       Brothers in Arms  |       |       |     1 ||     1
  Use: Potion            |       |       |     1 ||     1
  Eat: Chunk             |       |       |     1 ||     1
Armor: Gold dragon scale |     1 |     7 |    75 ||    83
Dodge: Dodged            |       |     2 |    63 ||    65
